 Dungeon Crawl Stone Soup version 0.31-a0-221-gbddc013574 (webtiles) character file.

Game seed: 8561205514708416440

197 qw the Shooter (level 5, -3/31 HPs)
             Began as a Gargoyle Hexslinger on July 3, 2023.
             Was an Initiate of Okawaru.
             Slain by a black bear (7 damage)
             ... on level 4 of the Dungeon.
             The game lasted 00:01:11 (2794 turns).

qw the Shooter (Gargoyle Hexslinger)                Turns: 2794, Time: 00:01:12

Health: -3/31      AC:  7    Str: 11    XL:     5   Next: 75%
Magic:  6/6        EV: 10    Int: 14    God:    Okawaru [......]
Gold:   226        SH:  0    Dex: 14    Spells: 5/6 levels left

rFire   . . .        Y - +1 sling (freeze)
rCold   . . .        (no shield)
rNeg    + . .        f - +0 ring mail
rPois   inf          (helmet restricted)
rElec   +            (no cloak)
rCorr   .            (no gloves)
SInv    +            h - +0 pair of boots
Will    .....        (no amulet)
Stlth   +            g - ring of see invisible
HPRegen 0.25/turn    (no ring)
MPRegen 0.10/turn

%: no passive effects
@: about to teleport
A: sickness immunity, AC +4, negative energy resistance 1, electricity
resistance, torment resistance 1, petrification resistance, antennae 1, deformed
body, MP-powered wands
a: Renounce Religion


You were on level 4 of the Dungeon.
You worshipped Okawaru.
Okawaru was noncommittal.
You visited 1 branch of the dungeon, and saw 4 of its levels.

You collected 226 gold pieces.


Innate Abilities, Weirdness & Mutations

You are immune to sickness and miasma.
Your stone body is resilient. (AC +4)
You are immune to poison.
You resist negative energy. (rN+)
You are resistant to electric shocks. (rElec)
You are resistant to unholy torment.
You are immune to petrification.
You have a pair of small antennae on your head.
Armour fits poorly on your strangely shaped body.
You expend magic power (3 MP) to strengthen your wands.


   Skills:
 + Level 2.7 Fighting
 - Level 5.1 Ranged Weapons
 - Level 1.0 Armour
 - Level 1.5 Dodging
 - Level 1.0 Spellcasting
 - Level 2.6 Hexes


You had 5 spell levels left.
You knew the following spells:

 Your Spells              Type           Power      Damage    Failure   Level
a - Slow                  Hex            32%        N/A       21%         1

Your spell library contained the following spells:

 Spells                   Type           Power      Damage    Failure   Level
 Inner Flame              Hex/Fire       4%         N/A       71%         3
 Portal Projectile        Hex/Tloc       8%         N/A       71%         3
 Cause Fear               Hex            4%         N/A       90%         4

Inventory:

Hand Weapons
 Y - a +1 sling of freezing (weapon)
Armour
 f - a +0 ring mail (worn)
 h - a +0 pair of boots (worn)
Jewellery
 g - a ring of see invisible (left hand)
 j - a ring of protection from fire
Scrolls
 b - 2 scrolls of teleportation
 c - 2 scrolls of identify
 d - a scroll of noise {unknown}
Potions
 a - a potion of resistance
 e - a potion of curing
 i - a potion of mutation

Dungeon Overview and Level Annotations

Branches:
Dungeon (4/15)             Temple (0/1) D:4

Altars:
Gozag
Nemelex Xobeh
Okawaru
Xom


Message History

The black bear is lightly wounded.
You shoot a sling bullet. The sling bullet hits the black bear.
The sling bullet freezes the black bear.
The black bear is moderately wounded.
You shoot a sling bullet.
The sling bullet barely misses the black bear.
You shoot a sling bullet.
The sling bullet hits the black bear but does no damage.
The black bear is moderately wounded.
The black bear closely misses you. The black bear claws you.
The black bear claws you but does no damage.
You shoot a sling bullet. The sling bullet hits the black bear.
The sling bullet freezes the black bear.
The black bear is moderately wounded.
The black bear bites you. The black bear barely misses you.
The black bear claws you.
You shoot a sling bullet.
The sling bullet closely misses the black bear.
The black bear misses you. The black bear claws you.
The black bear barely misses you.
You shoot a sling bullet. The sling bullet hits the black bear.
The sling bullet freezes the black bear.
The black bear is heavily wounded.
The black bear bites you!
The black bear claws you but does no damage.
The black bear barely misses you. The black bear bites you.
The black bear claws you. The black bear barely misses you.
You shoot a sling bullet.
The sling bullet closely misses the black bear.
The black bear barely misses you. The black bear claws you. x2
You shoot a sling bullet.
The sling bullet barely misses the black bear.
The black bear bites you!
The black bear claws you but does no damage.
The black bear claws you.
2794 ||| READING 3 scrolls of teleportation.
As you read the scroll of teleportation, it crumbles to dust.
You feel strangely unstable. The black bear bites you!
You die...

#.###.#.#.# ##.......##..#.#..
#.###.....###.........#...>...
#.##..................+..#.#..
#.##.#....#...........).#...#.
#.##.##...#..........#........
#.##.###..#..###'###.#####....
#.........#..# #.# #.# ##..#
####.#######h###.###.# #.##
#.#######.@.._..'.# #.#
#.........#######.# #.#
#.#######.# ### #.# #.# #.#
#..#######.# .# ##.##
#..........#
##...#####.........##
#............##..#.#######.
##...######.###............
##.## #.######.########


You could see a black bear.

Vanquished Creatures
  An iguana (D:4)
  Robin (D:3)
  3 adders
  A river rat (D:3)
  An ufetubus (D:4)
  9 dart slugs
  10 orcs
  9 endoplasms
  6 giant cockroaches
  8 hobgoblins
  3 jackals (D:3)
  3 quokkas
  4 ball pythons
  5 bats
  A frilled lizard (D:2)
  11 goblins
  3 kobolds
  9 rats
88 creatures vanquished.

Notes
Turn   | Place    | Note
-------+----------+-------------------------------------------
     0 | D:1      | qw the Gargoyle Hexslinger began the quest for the Orb.
     0 | D:1      | Reached XP level 1. HP: 12/12 MP: 2/2
     0 | D:1      | 0 ||| qw: Version: 0.3-a-40-ge99b1a8
     0 | D:1      | 0 ||| qw: Game counter: 606
     0 | D:1      | 0 ||| qw: Melee chars always use a shield: true
     0 | D:1      | 0 ||| qw: God list: Okawaru
     0 | D:1      | 0 ||| qw: Allow faded altars: false
     0 | D:1      | 0 ||| qw: Do Orc after clearing Dungeon:15 true
     0 | D:1      | 0 ||| qw: Do second Lair branch before Depths: true
     0 | D:1      | 0 ||| qw: Lair rune preference: random
     0 | D:1      | 0 ||| qw: Goals: Normal
     0 | D:1      | 0 ||| PLANNING D:1-11
   170 | D:1      | Reached XP level 2. HP: 15/16 MP: 3/3
   282 | D:1      | Reached skill level 3 in Ranged Weapons
   721 | D:1      | 721 ||| UPGRADING to +0 ring mail.
   731 | D:1      | 731 ||| DROPPING +0 robe.
   732 | D:1      | 732 ||| UPGRADING to +0 pair of boots.
   737 | D:1      | 737 ||| READING scroll labelled ANERHA AKHLUC.
   738 | D:1      | 738 ||| READING scroll labelled FIAPSOHEGEI.
   739 | D:1      | 739 ||| READING scroll labelled DIDGHE MYSSUO.
   740 | D:1      | 740 ||| DROPPING scroll of poison.
   802 | D:2      | Reached XP level 3. HP: 21/21 MP: 4/4
  1020 | D:2      | Reached skill level 1 in Armour
  1256 | D:2      | 1256 ||| READING scroll labelled IGIUDD QEPUONA.
  1257 | D:2      | 1257 ||| READING scroll labelled RUTHRA IDETOJOGHOGG.
  1258 | D:2      | 1258 ||| READING scroll labelled SIJYPO VOQEHO.
  1259 | D:2      | 1259 ||| DRINKING 2 metallic pink potions.
  1285 | D:3      | 1285 ||| PLANNING SEWER
  1290 | D:3      | 1290 ||| STAIRDANCE
  1317 | D:3      | 1317 ||| STAIRDANCE
  1343 | D:3      | Reached XP level 4. HP: 26/26 MP: 5/5
  1474 | D:3      | Noticed Robin
  1483 | D:3      | Killed Robin
  1484 | D:3      | Reached skill level 4 in Ranged Weapons
  1487 | D:3      | HP: 6/26 [goblin/+0 club[Robin] (3)]
  1488 | D:3      | 1488 ||| DRINKING potion of heal wounds.
  1513 | D:3      | Found a shimmering altar of Xom.
  1624 | D:3      | Reached XP level 5. HP: 30/30 MP: 6/6
  1700 | D:3      | Found an iron altar of Okawaru.
  1836 | D:3      | Found a glowing drain.
  1837 | D:3      | 1837 ||| Stepping ~*~*~tactically~*~*~ (water).
  1841 | D:3      | 1841 ||| UPGRADING to +0 helmet.
  1846 | D:3      | 1846 ||| UPGRADING to ring of see invisible.
  1847 | D:3      | 1847 ||| DRINKING 2 inky potions.
  1848 | D:3      | 1848 ||| DRINKING 2 fuming cyan potions.
  1848 | D:3      | Gained mutation: You have a pair of small antennae on your
                  | head. [potion of mutation]
  1848 | D:3      | Gained mutation: You expend magic power (3 MP) to
                  | strengthen your wands. [potion of mutation]
  1848 | D:3      | Gained mutation: Armour fits poorly on your strangely
                  | shaped body. [potion of mutation]
  1849 | D:3      | 1849 ||| DROPPING +0 helmet.
  1850 | D:3      | 1850 ||| READING 3 scrolls of identify.
  1850 | D:3      | 1850 ||| IDENTIFYING ruby potion
  1851 | D:3      | 1851 ||| READING 2 scrolls of identify.
  1851 | D:3      | 1851 ||| IDENTIFYING emerald potion
  1851 | D:3      | 1851 ||| RIP SEWER
  1852 | D:3      | 1852 ||| PLANNING OKAWARU WORSHIP
  1852 | D:3      | 1852 ||| DROPPING potion of lignification.
  1853 | D:3      | 1853 ||| DROPPING potion of attraction.
  1906 | D:3      | Became a worshipper of Warmaster Okawaru
  1907 | D:3      | 1907 ||| PLANNING D:1-11
  1996 | D:4      | Reached skill level 5 in Ranged Weapons
  2014 | D:4      | Found an opulent altar of Gozag.
  2168 | D:4      | Found a staircase to the Ecumenical Temple.
  2215 | D:4      | Found a sparkling altar of Nemelex Xobeh.
  2219 | D:4      | Noticed a black bear
  2220 | D:4      | 2220 ||| READING 3 scrolls labelled VIASMA DYTRIV.
  2793 | D:4      | HP: 5/31 [black bear (7)]
  2794 | D:4      | 2794 ||| READING 3 scrolls of teleportation.
  2794 | D:4      | Slain by a black bear

Levels and vault maps discovered:
D:1:      saegor_arrival_simple_d, layout_loops_ring, minmay_shallow_snake_nest
D:2:      layout_basic
D:3:      kennysheep_slugbush, layout_rooms, xom_teletrap_fun,
          kennysheep_okawaru_gauntlet, portal_sewer_entry_e, uniq_robin
D:4:      layout_loops_corners, lemuel_doored_altar,
          nicolae_elyvilon_temple_path, amcnicky_altar_gilded,
          minmay_temple_entry_crystal_x

Skill      XL: |  1  2  3  4  5 |
---------------+----------------+-----
Ranged Weapons | 3 4 5 |  5.1
Fighting       | 2 |  2.7
Armour         | 1 |  1.0
Dodging        | |  1.5
Spellcasting   | |  1.0
Hexes          | |  2.6

Action                     |  1- 3 |  4- 6 || total
---------------------------+-------+-------++-------
   Fire: Sling             |   117 |   177 ||   294
    Use: Scroll            |     6 |     4 ||    10
         Potion            |     1 |     3 ||     4
 Armour: Robe              |     6 |       ||     6
         Ring mail         |    26 |    83 ||   109
  Dodge: Dodged            |    45 |   109 ||   154

Table legend:
 A = Non-vault XP
 B = Vault XP
 C = Vault XP percentage of total XP
 D = Non-vault monster count
 E = Vault monster count
 F = Vault count percentage of total count
                 A         B        C        D         E       F
            +---------+---------+-------+---------+---------+-------
      Total |     205 |      77 |  27.3 |      64 |      24 |  27.3
            +---------+---------+-------+---------+---------+-------
        D:1 |      25 |       2 |   7.4 |      16 |       1 |   5.9
        D:2 |      37 |       0 |   0.0 |      13 |       0 |   0.0
        D:3 |      65 |      75 |  53.6 |      19 |      23 |  54.8
        D:4 |      78 |       0 |   0.0 |      16 |       0 |   0.0
            +---------+---------+-------+---------+---------+-------
